 Dungeon Crawl Stone Soup version 0.17-a0-1667-g4ca74a1 (webtiles) character file.

5467 Promi the Fighter (level 10, -24/91 HPs)
             Began as a Hill Orc Fighter on Aug 17, 2015.
             Was a Believer of Okawaru.
             Annihilated by Erolcha
             ... wielding a +0 giant club
              (42 damage)
             ... on level 9 of the Dungeon.
             The game lasted 00:46:14 (9615 turns).

Promi the Fighter (Hill Orc Fighter)                Turns: 9615, Time: 00:46:14

Health: -24/91     AC: 16    Str: 26    XL:     10   Next: 69%
Magic:  17/17      EV:  9    Int: 10    God:    Okawaru [**....]
Gold:   619        SH: 12    Dex: 10    Spells: 0 memorised, 18 levels left

rFire  + . .     SeeInvis .     a - +1 trident
rCold  . . .     Clarity  +     n - +0 chain mail
rNeg   . . .     SustAt   .     c - +2 shield
rPois  .         Gourm    .     L - +2 hat
rElec  .         Spirit   .     (no cloak)
rCorr  .         Warding  .     i - +0 pair of gloves
rMut   .         Stasis   .     R - +0 pair of boots
MR     .....                    z - amulet of clarity
Stlth  ..........               w - +2 ring of protection
                                k - ring of protection from fire

@: mighty, not resistant to hostile enchantments, extremely unstealthy
A: no striking features
a: Heroism, Renounce Religion


You were on level 9 of the Dungeon.
You worshipped Okawaru.
Okawaru was pleased with you.
You were hungry.

You visited 2 branches of the dungeon, and saw 10 of its levels.
You also visited: Sewer.

You collected 619 gold pieces.

Inventory:

Hand weapons
 a - a +1 trident (weapon)
 g - a +0 dire flail
 E - a +1 flail
 G - a +0 halberd
Armour
 b - a +3 ring mail
 c - a +2 shield (worn)
 d - a +3 ring mail
 i - a +0 pair of gloves (worn)
 n - a +0 chain mail (worn)
 r - a +0 helmet
 y - a +0 plate armour
 D - a +2 ring mail of cold resistance
 I - a +0 leather armour
 L - a +2 hat (worn)
 R - a +0 pair of boots (worn)
Jewellery
 k - a ring of protection from fire (left hand)
 s - a cursed -2 ring of strength {unknown}
 w - a +2 ring of protection (right hand)
 x - an uncursed ring of positive energy
 z - an amulet of clarity (around neck)
 A - an uncursed ring of protection from magic {unknown}
 C - an uncursed ring of see invisible {unknown}
Magical devices
 m - a wand of polymorph (13)
 J - a wand of cold (6)
 N - a wand of random effects (22)
 V - a wand of draining (9)
Scrolls
 j - 3 scrolls of recharging
 l - 5 scrolls of remove curse
 q - 2 scrolls of magic mapping
 H - 7 scrolls of teleportation
 U - a scroll of identify
Potions
 f - 5 potions of degeneration
 h - 4 potions of flight
 p - 2 potions of magic
 t - a potion of agility
 v - 2 potions of brilliance
 F - 2 potions of curing {unknown}
 K - a potion of resistance {unknown}
 M - a potion of poison {unknown}
 P - 3 potions of heal wounds {unknown}
Comestibles
 e - 4 bread rations
 o - 3 meat rations
 u - a royal jelly
 B - a beef jerky
 O - 2 fruits
 Q - 5 chunks of flesh
 W - 2 slices of pizza


   Skills:
 - Level 9.3 Fighting
 - Level 9.0 Polearms
 - Level 5.2 Armour
 + Level 6.3 Dodging
 - Level 5.4 Shields
 + Level 4.6 Spellcasting


You had 18 spell levels left.
You didn't know any spells.

Dungeon Overview and Level Annotations

Branches:
Dungeon (9/15)             Temple (1/1) D:6
   Lair: D:8-11         Orc: D:9-12

Altars:
Ashenzari
Cheibriados
Dithmenos
Elyvilon
Fedhas
Gozag
Kikubaaqudgha
Makhleb
Nemelex Xobeh
Okawaru
Qazlal
Ru
Sif Muna
Trog
Vehumet
Xom
Yredelemnul
Zin
The Shining One

Shops:
D:9 [

Annotations:
D:9 Erolcha


Message History

You hit something. Something hits you.
You hit something. Something hits you but does no damage.
Your chain mail prevents you from hitting something.
You closely miss something. Something hits you but does no damage.
You hit something.
Your shield and chain mail prevent you from hitting something.
You are feeling hungry.
You hear some strange, mumbled words.
An orb of energy appears from out of thin air!
The orb of energy hits you!
You barely miss something. Something hits you!!
* * * LOW HITPOINT WARNING * * *
Drink which item? (? for menu, Esc to quit)
You can't drink that!
Drink which item? (? for menu, Esc to quit)
You feel very mighty all of a sudden.
You puncture something! Something hits you!
* * * LOW HITPOINT WARNING * * *
You puncture something! Something hits you!!!
You die...

######### #........
########## #........
.......).## #........
########..#####........
#.........##........
#.#######.@{........
###.# ####........
#...# #........ ##.#.##
######### #8.8.8#
#.⌠.⌠.# #8.∩.8#
#.⌠.⌠.####### #.
#8.8.8......# ..


There were no monsters in sight!

Vanquished Creatures
  A hill giant (D:9)
  Pikel (D:6)
  Grinder (D:3)
  Sigmund (D:3)
  Eustachio (D:6)
  A hippogriff (D:7)
  A hungry ghost (D:8)
  Menkaure (D:7)
  Edmund (D:4)
  A sky beast (D:8)
  3 orc warriors
  2 phantoms
  A black bear (D:7)
  2 ice beasts
  4 ogres
  3 giant frogs
  A centaur (D:8)
  A big kobold (D:7)
  A wyvern skeleton (D:9)
  2 scorpions
  5 killer bees (D:8)
  5 wights
  2 crimson imps
  A quasit (D:9)
  4 giant frog zombies
  3 centaur zombies
  3 hounds
  A jelly (D:7)
  5 orc priests
  Ijyb (D:2)
  6 orc wizards
  A giant frog skeleton (D:7)
  4 worker ants
  An iguana (D:5)
  A killer bee zombie (D:7)
  A worker ant zombie (D:9)
  Robin (D:2)
  4 gnolls (D:5)
  13 adders
  3 shadow imps
  6 oozes
  An adder skeleton (D:4)
  5 worms
  12 giant geckos
  36 orcs
  12 giant cockroaches
  10 hobgoblins
  18 jackals
  6 quokkas
  6 ball pythons
  A ball python skeleton (D:4)
  14 bats
  A giant gecko zombie (D:7)
  7 giant newts
  18 goblins
  11 kobolds
  A quokka skeleton (D:5)
  4 rats
264 creatures vanquished.

Vanquished Creatures (others)
  A giant frog (D:6)
1 creature vanquished.

Grand Total: 265 creatures vanquished

Notes
Turn   | Place    | Note
--------------------------------------------------------------
     0 | D:1      | Promi the Hill Orc Fighter began the quest for the Orb.
     0 | D:1      | Reached XP level 1. HP: 19/19 MP: 1/1
   274 | D:1      | Reached XP level 2. HP: 27/27 MP: 2/2
   624 | D:1      | Reached XP level 3. HP: 33/33 MP: 3/3
   945 | D:2      | Reached skill level 4 in Shields
  1204 | D:2      | Reached XP level 4. HP: 26/40 MP: 4/4
  1382 | D:2      | Noticed Robin
  1401 | D:2      | Killed Robin
  1496 | D:2      | Found a glowing golden altar of the Shining One.
  1498 | D:2      | Noticed an angel
  1517 | D:2      | Found a basalt altar of Yredelemnul.
  1517 | D:2      | Noticed Ijyb
  1532 | D:2      | Killed Ijyb
  1532 | D:2      | Reached XP level 5. HP: 33/47 MP: 5/5
  1533 | D:2      | Noticed a profane servitor
  1947 | D:3      | Noticed Grinder
  1952 | D:3      | Paralysed by Grinder for 5 turns
  1973 | D:3      | Killed Grinder
  1973 | D:3      | Reached skill level 5 in Fighting
  1973 | D:3      | Reached skill level 5 in Shields
  1973 | D:3      | Reached XP level 6. HP: 32/56 MP: 6/6
  2290 | D:3      | Noticed Sigmund
  2331 | D:3      | Killed Sigmund
  2331 | D:3      | Reached skill level 5 in Armour
  2331 | D:3      | Reached XP level 7. HP: 18/61 MP: 7/7
  2958 | D:3      | Found a blossoming altar of Fedhas.
  3576 | D:4      | Reached skill level 1 in Spellcasting
  3860 | D:4      | Noticed Edmund
  3882 | D:4      | Killed Edmund
  3882 | D:4      | Reached XP level 8. HP: 55/69 MP: 10/12
  4085 | D:5      | Entered Level 5 of the Dungeon
  4765 | D:5      | Reached skill level 1 in Dodging
  5014 | D:6      | Reached skill level 5 in Polearms
  5250 | D:6      | Found a glowing drain.
  5315 | Sewer    | Entered a sewer
  6101 | D:6      | Noticed Eustachio
  6133 | D:6      | Killed Eustachio
  6133 | D:6      | Reached skill level 6 in Fighting
  6155 | D:6      | Reached XP level 9. HP: 56/77 MP: 15/15
  6257 | D:6      | Noticed Pikel
  6289 | D:6      | Killed Pikel
  6289 | D:6      | Reached skill level 7 in Fighting
  6799 | D:6      | Found a staircase to the Ecumenical Temple.
  6806 | Temple   | Entered the Ecumenical Temple
  6826 | Temple   | Became a worshipper of Warmaster Okawaru
  7056 | D:7      | Noticed Menkaure
  7081 | D:7      | Killed Menkaure
  7363 | D:7      | Reached skill level 8 in Fighting
  7720 | D:7      | Found a bloodstained altar of Trog.
  7738 | D:7      | Acquired Okawaru's first power
  8006 | D:7      | Reached XP level 10. HP: 58/90 MP: 16/16
  8031 | D:7      | Reached skill level 5 in Dodging
  8716 | D:8      | Reached skill level 9 in Fighting
  9247 | D:8      | Found a deep blue altar of Sif Muna.
  9542 | D:9      | Found Nefaaxif's Armour Shoppe.
  9560 | D:9      | Noticed a hill giant
  9577 | D:9      | Killed a hill giant
  9589 | D:9      | Noticed Erolcha
  9615 | D:9      | Annihilated by Erolcha

Vault maps used:
D:1:      dpeg_arrival_pits
D:2:      grunt_temple_overflow_holy_war, first_bread, uniq_iyjb, uniq_robin
D:3:      fedhas_altar_4, uniq_sigmund, uniq_grinder
D:4:      uniq_edmund
D:5:      hangedman_decor_points
D:6:      minmay_temple_entry_nine_rooms, gup_sewer_entry_pipe, uniq_pikel,
          uniq_eustachio
D:7:      basic_altar, st_stairs_7, uniq_menkaure
D:8:      led_sif_pool
D:9:      lair_0_dummy, serial_shops,
          nicolae_shop_temple_entry_statues_fountains, uniq_erolcha, uniq_grum
Temple:   lightli_temple_of_artemis
Sewer:    sewer_fruit_machine

Action                   |  1- 3 |  4- 6 |  7- 9 | 10-12 || total
-------------------------+-------+-------+-------+-------++-------
Melee: Trident           |   161 |   195 |  1010 |   396 ||  1762
       Unarmed           |       |    23 |       |       ||    23
Invok: Heroism           |       |       |       |     1 ||     1
  Use: Potion            |       |     1 |     2 |     2 ||     5
       Scroll            |       |       |    15 |     3 ||    18
  Eat: Chunk             |     1 |     4 |    21 |     6 ||    32
       Bread ration      |       |       |       |     1 ||     1
       Fruit             |       |       |       |     1 ||     1
